 Dungeon Crawl Stone Soup version 0.20-a0-1040-gfd09691 (webtiles) character file.

156 Gorglomux the Chopper (level 5, 0/38 HPs)
             Began as a Formicid Warper on Apr 23, 2017.
             Was an Initiate of Okawaru.
             Slain by a centaur warrior skeleton (2 damage)
             ... on level 10 of the Dungeon.
             The game lasted 00:05:37 (2033 turns).

Gorglomux the Chopper (Formicid Warper)             Turns: 2033, Time: 00:05:38

Health: 0/38       AC:  8    Str: 16      XL:     5   Next: 65%
Magic:  8/8        EV: 10    Int: 12      God:    Okawaru [......]
Gold:   105        SH:  0    Dex:  5 (11) Spells: 8/8 levels left

rFire    . . .     SeeInvis +   a - +0 hand axe
rCold    + + .     Gourm    .   (no shield)
rNeg     . . .     Faith    .   v - +0 chain mail
rPois    +         Spirit   .   (helmet unavailable)
rElec    .         Reflect  .   u - scarf {rC+}
rCorr    .         Harm     .   (no gloves)
MR       +....                  (no boots)
Stlth    ..........             (no amulet)
Regen    0.2/turn               k - +4 ring of evasion
MPRegen  0.2/turn               s - ring of teleportation (curse) {+/*tele, !d}

@: starving
A: permanent stasis, dig shafts and tunnels, four strong arms, antennae 3, cold
resistance 1, magic resistance 1, poison resistance
a: Dig, Shaft Self, Renounce Religion


You were on level 10 of the Dungeon.
You worshipped Okawaru.
Okawaru was noncommittal.
You were starving.

You visited 1 branch of the dungeon, and saw 6 of its levels.

You collected 105 gold pieces.

Inventory:

Hand Weapons
 a - a +0 hand axe (weapon)
Missiles
 e - 5 tomahawks of dispersal {=f}
Armour
 b - a +0 leather armour
 u - a scarf of cold resistance (worn)
   (You found it on level 2 of the Dungeon)
 v - a +0 chain mail (worn)
   (You found it on level 2 of the Dungeon)
Magical Staves
 y - an uncursed staff of fire {unknown}
   (You found it on level 3 of the Dungeon)
Jewellery
 k - a +4 ring of evasion (left hand)
   (You found it on level 1 of the Dungeon)
 l - an uncursed ring of protection from cold {rC+, !d}
   (You found it on level 1 of the Dungeon)
 s - a cursed ring of teleportation (right hand) {+/*tele, !d}
   (You found it on level 1 of the Dungeon)
 B - an uncursed ring of wizardry {Wiz+, !d}
   (You found it on level 3 of the Dungeon)
Wands
 z - a wand of iceblast (5/15)
   (You found it on level 3 of the Dungeon)
Scrolls
 d - a scroll of blinking {!r}
 g - 6 scrolls of identify {unknown}
 h - 2 scrolls of teleportation {unknown}
 j - 3 scrolls of immolation {unknown}
 m - 2 scrolls of noise {unknown}
 n - 2 scrolls of enchant armour {unknown}
 q - 2 scrolls of enchant weapon {unknown}
 r - a scroll of fear {unknown}
 x - a scroll of remove curse {unknown}
Potions
 w - a potion of mutation {!q}
Books
 c - a book of Spatial Translocations
Comestibles
 f - 4 bread rations {@e1@e1}
 i - a royal jelly
 p - a meat ration {@e2@e2}
 A - 2 chunks of flesh {@w0@w0}


   Skills:
 - Level 2.1 Fighting
 + Level 5.4 Axes
 - Level 1.0 Throwing
 - Level 1.1 Armour
 - Level 1.7 Dodging
 - Level 2.1 Spellcasting
   Level 2.6 Translocations


You had 8 spell levels left.
You didn't know any spells.

Dungeon Overview and Level Annotations

Branches:
Dungeon (3/15)

Altars:
Makhleb
Okawaru

Annotations:
D:3 Natasha


Innate Abilities, Weirdness & Mutations

You cannot be hasted, slowed, berserked, paralysed or teleported.
You can dig through walls and to a lower floor.
Your four strong arms can wield two-handed weapons with a shield.
You have a pair of large antennae on your head. (SInv)
Your flesh is cold resistant. (rC+)
You are resistant to hostile enchantments. (MR+)
Your system is resistant to poisons. (rPois)


Message History

The quasit claws you.
You take 2 damage, and have 14/38 hp.
Unknown command.
You hit the quasit but do no damage. The quasit bites you.
The quasit claws you.
You feel clumsy.
The quasit claws you but does no damage.
The quasit bites you but does no damage.
The quasit claws you but does no damage.
The quasit claws you.
* * * LOW HITPOINT WARNING * * *
You take 3 damage, and have 11/38 hp.
You hit the quasit. The quasit barely misses you.
The quasit closely misses you.
The quasit claws you but does no damage.
Unknown command.
You closely miss the quasit.
The quasit bites you but does no damage.
The quasit claws you but does no damage.
The quasit closely misses you.
Unknown command.
You hit the quasit but do no damage. The quasit barely misses you.
The quasit claws you but does no damage.
The quasit claws you.
* * * LOW HITPOINT WARNING * * *
You feel clumsy.
You take 2 damage, and have 9/38 hp.
Unknown command.
You closely miss the quasit. The quasit bites you.
* * * LOW HITPOINT WARNING * * *
You feel clumsy.
The quasit claws you but does no damage.
The quasit barely misses you. The quasit closely misses you.
The quasit misses you. The quasit barely misses you.
Some of the chunks of flesh in your inventory have rotted away.
You take 2 damage, and have 7/38 hp.
It was a potion of haste.
Your stasis prevents you from being hasted.
The quasit bites you but does no damage.
The quasit barely misses you.
The quasit claws you but does no damage.
Okay, then.
You hit the quasit. The quasit closely misses you. x2
The quasit claws you but does no damage.
You miss the quasit. The quasit closely misses you. The quasit claws you.
* * * LOW HITPOINT WARNING * * *
The quasit claws you but does no damage.
The quasit barely misses you. The quasit misses you.
The quasit claws you but does no damage.
Your chain mail prevents you from hitting the quasit.
The quasit bites you but does no damage.
The quasit claws you but does no damage. x2
You take 1 damage, and have 7/38 hp.
Are you sure you want to shaft yourself?
You are near starving!
The quasit barely misses you.
The quasit claws you but does no damage. x2
You begin to dig a shaft.
You continue digging a shaft.
The quasit closely misses you.
The quasit claws you but does no damage. x2
The quasit bites you but does no damage.
The quasit claws you but does no damage.
The quasit claws you.
* * * LOW HITPOINT WARNING * * *
A shaft appears beneath you!
You fall through a shaft for 3 floors!
The shaft crumbles and collapses.
A centaur warrior skeleton comes into view.
Unknown command.
Unknown command.
You take 1 damage, and have 6/38 hp.
You extend your mandibles.
You dig through the rock wall.
You dig through the rock wall.
You dig through the rock wall.
You dig through the rock wall.
Aim: a centaur warrior skeleton The mass of ice explodes!
The iceblast engulfs the centaur warrior skeleton.
The centaur warrior skeleton partially resists.
Evoking this partially-identified wand wasted a few charges.
You retract your mandibles.
You slash the centaur warrior skeleton! The centaur warrior skeleton hits you.
* * * LOW HITPOINT WARNING * * *
The centaur warrior skeleton hits you but does no damage.
You take 2 damage, and have 5/38 hp.
You hit the centaur warrior skeleton.
The centaur warrior skeleton closely misses you.
You hit the centaur warrior skeleton.
The centaur warrior skeleton hits you but does no damage. x2
You slash the centaur warrior skeleton! The centaur warrior skeleton hits you.
* * * LOW HITPOINT WARNING * * *
You take 4 damage, and have 1/38 hp.
Unknown command.
Are you sure you want to shaft yourself?
You are starving!
The centaur warrior skeleton hits you but does no damage.
You begin to dig a shaft.
You continue digging a shaft.
The centaur warrior skeleton hits you.
You die...

### ##@# ##Z##
##.##
######.########
...........Z....
##..######......
# ..... .... ...


You could see a centaur warrior skeleton.

Vanquished Creatures
  A hound (D:3)
  Natasha (twice) (D:3)
  3 adders (D:2)
  2 worms (D:2)
  A leopard gecko (D:2)
  6 hobgoblins
  6 kobolds
  8 bats
  2 frilled lizards
  8 goblins
  6 rats
45 creatures vanquished.

Notes
Turn   | Place    | Note
-------+----------+-------------------------------------------
     0 | D:1      | Gorglomux the Formicid Warper began the quest for the Orb.
     0 | D:1      | Reached XP level 1. HP: 16/16 MP: 3/3
   380 | D:1      | Reached XP level 2. HP: 22/22 MP: 5/5
   490 | D:1      | Reached skill level 3 in Axes
   714 | D:2      | Found an iron altar of Okawaru.
   724 | D:2      | Became a worshipper of Warmaster Okawaru
   767 | D:2      | Reached XP level 3. HP: 21/27 MP: 6/6
  1061 | D:2      | Gained mutation: Your system is resistant to poisons. (rPois) [potion of mutation]
  1061 | D:2      | Gained mutation: Your flesh is cold resistant. (rC+) [potion of mutation]
  1061 | D:2      | Gained mutation: You are resistant to hostile enchantments. (MR+) [potion of mutation]
  1071 | D:2      | Reached skill level 4 in Axes
  1071 | D:2      | Reached XP level 4. HP: 27/33 MP: 7/7
  1483 | D:2      | Found a faded altar of an unknown god.
  1788 | D:3      | Found a burning altar of Makhleb.
  1805 | D:3      | Reached XP level 5. HP: 28/38 MP: 8/8
  1920 | D:3      | Noticed Natasha
  1932 | D:3      | Killed Natasha
  1932 | D:3      | Reached skill level 5 in Axes
  1941 | D:3      | Noticed Natasha
  1960 | D:3      | HP: 5/38 [Natasha (6)]
  1963 | D:3      | Killed Natasha
  1968 | D:3      | Noticed Natasha
  1969 | D:3      | HP: 1/38 [Natasha/magic dart (6)]
  1971 | D:3      | You fall through a shaft for 2 floors!
  1971 | D:5      | Entered Level 5 of the Dungeon
  1981 | D:5      | You fall through a shaft for 2 floors!
  2014 | D:7      | HP: 9/38 [quasit (2)]
  2021 | D:7      | HP: 6/38 [quasit (1)]
  2022 | D:7      | You fall through a shaft for 3 floors!
  2022 | D:10     | Entered Level 10 of the Dungeon
  2028 | D:10     | HP: 5/38 [centaur warrior skeleton (2)]
  2031 | D:10     | HP: 1/38 [centaur warrior skeleton (4)]
  2033 | D:10     | Slain by a centaur warrior skeleton

Vault maps used:
D:1:      zelgadis_glass_arrival_small
D:2:      lemuel_crystal_altar, chequers_ecumenical_altar_twisty
D:3:      makhleb_blood_cavern_becter, uniq_natasha
D:5:      nicolae_tso_besieged_by_evil, first_bread
D:7:      kennysheep_mini, minmay_temple_entry_oklob, serial_shops,
          nicolae_shop_statue_plus, the_bakery, kennysheep_cluttered_room,
          minmay_three_doors
D:10:     dpeg_lair_monsters, serial_shops,
          nicolae_shop_competitors_out_of_business, basic_altar, uniq_erica

Skill      XL: |  1  2  3  4  5 |
---------------+----------------+-----
Axes           | 3 4 5 |  5.4
Fighting       | |  2.1
Throwing       | |  1.0
Armour         | |  1.1
Dodging        | |  1.7
Spellcasting   | |  2.1
Translocations | |  2.6

Action                   |  1- 3 |  4- 6 || total
-------------------------+-------+-------++-------
Melee: Hand axe          |    96 |   133 ||   229
 Abil: Shaft Self        |       |     4 ||     4
       Dig               |       |     2 ||     2
Evoke: Wand              |       |     1 ||     1
  Use: Potion            |     2 |     2 ||     4
  Eat: Chunk             |       |     4 ||     4
Armor: Leather armour    |    27 |     2 ||    29
       Chain mail        |       |   106 ||   106
Dodge: Dodged            |    95 |   133 ||   228

Vault maps used:
D:1:      zelgadis_glass_arrival_small
D:2:      lemuel_crystal_altar, chequers_ecumenical_altar_twisty
D:3:      makhleb_blood_cavern_becter, uniq_natasha
D:5:      nicolae_tso_besieged_by_evil, first_bread
D:7:      kennysheep_mini, minmay_temple_entry_oklob, serial_shops,
          nicolae_shop_statue_plus, the_bakery, kennysheep_cluttered_room,
          minmay_three_doors
D:10:     dpeg_lair_monsters, serial_shops,
          nicolae_shop_competitors_out_of_business, basic_altar, uniq_erica

Table legend:
 A = Turns spent in this place as a percentage of turns spent in the entire game.
 B = Non-inter-level travel turns spent in this place as a percentage of non-inter-level travel turns spent in the entire game.
 C = Inter-level travel turns spent in this place as a percentage of turns spent in this place.
 D = Turns resting spent in this place as a percentage of non-inter-level travel turns spent in this place.
 E = Turns spent auto-exploring this place as a percentage of non-inter-level travel turns spent in this place.
 F = Non-inter-level travel turns spent in this place divided by the number of levels of this place that you've seen.
                   A       B       C       D       E      F
               +-------+-------+-------+-------+-------+----------------------
         Total | 100.0 | 100.0 |   0.2 |   0.8 |   9.5 | 146.0
       Dungeon | 100.0 | 100.0 |   0.2 |   0.8 |   9.5 | 146.0
               +-------+-------+-------+-------+-------+----------------------

Table legend:
 A = Kills in this place as a percentage of kills in entire the game.
 B = Kills by you in this place as a percentage of kills by you in the entire game.
 C = Kills by friends in this place as a percentage of kills by friends in the entire game.
 D = Other kills in this place as a percentage of other kills in the entire game.
 E = Experience gained in this place as a percentage of experience gained in the entire game.
 F = Experience gained in this place divided by the number of levels of this place that you have seen.
                   A       B       C       D       E      F
               +-------+-------+-------+-------+-------+----------------------
         Total | 100.0 | 100.0 |  -nan |  -nan | 100.0 |  37.3
       Dungeon | 100.0 | 100.0 |  -nan |  -nan | 100.0 |  37.3
               +-------+-------+-------+-------+-------+----------------------
